 Dungeon Crawl Stone Soup version 0.17-a0-1583-g2df49ec (webtiles) character file.

34 orochimarko the Firebug (level 3, -1/26 HPs)
             Began as a Demigod Fire Elementalist on July 28, 2015.
             Slain by Ijyb
             ... wielding a +5 dagger of venom
              (2 damage)
             ... on level 2 of the Dungeon.
             The game lasted 00:11:24 (1124 turns).

orochimarko the Firebug (Demigod Fire Elementalist) Turns: 1124, Time: 00:11:24

Health: -1/26      AC:  3    Str: 11    XL:     3   Next: 1%
Magic:  1/8        EV: 12    Int: 21    God:
Gold:   76         SH:  0    Dex: 16    Spells: 2 memorised, 3 levels left

rFire  . . .     SeeInvis .     j - +0 dagger
rCold  + . .     Clarity  +     a - +0 robe
rNeg   . . .     SustAt   +     (no shield)
rPois  .         Gourm    .     (helmet restricted)
rElec  .         Spirit   .     g - +0 cloak
rCorr  .         Warding  .     (no gloves)
rMut   .         Stasis   .     (no boots)
MR     .....                    (no amulet)
Stlth  ++........               (no ring)
                                (no ring)

@: lethally poisoned (-1 -> -24), not resistant to hostile enchantments,
unstealthy
A: horns 1, clarity, cold resistance 1, high mp 1, sustain attributes
a: no special abilities


You were on level 2 of the Dungeon.
You were not hungry.

You visited 1 branch of the dungeon, and saw 2 of its levels.

You collected 76 gold pieces.

Inventory:

Hand weapons
 j - a +0 dagger (weapon)
Missiles
 k - 27 sling bullets
 n - 30 stones (quivered)
Armour
 a - a +0 robe (worn)
 g - a +0 cloak (worn)
Scrolls
 l - a scroll of identify {unknown}
Potions
 e - a potion of curing {unknown}
 m - a potion of cure mutation {unknown}
Books
 b - a book of Flames

   Spells                             Type                      Level
   a - Flame Tongue                   Conjuration/Fire             1
   b - Throw Flame                    Conjuration/Fire             2
   c - Conjure Flame                  Conjuration/Fire             3
   d - Inner Flame                    Hexes/Fire                   3
   e - Sticky Flame                   Conjuration/Fire             4
   f - Fireball                       Conjuration/Fire             5
Comestibles
 c - a bread ration
 f - a meat ration


   Skills:
 + Level 0.8 Throwing
 + Level 1.9 Dodging
 + Level 1.7 Stealth
 + Level 2.0 Spellcasting
 + Level 1.1 Conjurations
 + Level 3.3 Fire Magic


You had 3 spell levels left.
You knew the following spells:

 Your Spells              Type           Power        Failure   Level  Hunger
a - Flame Tongue          Conj/Fire      ##...        8%          1    #......
b - Throw Flame           Conj/Fire      ##....       12%         2    ##.....


Dungeon Overview and Level Annotations

Branches:
Dungeon (2/15)

Annotations:
D:2 Ijyb


Innate Abilities, Weirdness & Mutations

You have an increased reservoir of magic (+10% MP).
Your attributes are resistant to harm.
You have a pair of small horns on your head.
You possess an exceptional clarity of mind.
Your flesh is cold resistant.


Message History

Aim: Ijyb, wielding a dagger of venom and wearing a leather armour (severely wounded)
The flame tongue hits Ijyb.
Ijyb appears unharmed.
Ijyb is severely wounded.
* * * LOW HITPOINT WARNING * * *
You feel sick.
Ijyb screams, "It's all mine!"
Ijyb misses you.
Casting: Flame Tongue
Confirm with . or Enter, or press ? or * to list all spells.
You don't have enough magic to cast that spell.
Unknown command.
Casting: Flame Tongue
Confirm with . or Enter, or press ? or * to list all spells.
You don't know that spell.
It was a potion of mutation.
You feel extremely strange.
Your thoughts seem clearer.
A pair of horns grows on your head!
You feel resistant to cold.
* * * LOW HITPOINT WARNING * * *
You feel sick. Ijyb hits you with a dagger of venom.
You die...

#.# #.#
##.####### #.#
#.#
##........#
#.# #+#
#..#..###.#
..# #.###..#
### #..#...# #
##.....# #
####......##.
+.......((((..
####.@g...####
##.....#
###.### #[# .#
.#


You could see Ijyb.

Vanquished Creatures
  2 adders
  2 goblins (D:1)
  2 hobgoblins (D:1)
  3 jackals (D:1)
  3 giant cockroaches (D:1)
  3 rats (D:1)
15 creatures vanquished.

Notes
Turn   | Place    | Note
--------------------------------------------------------------
     0 | D:1      | orochimarko the Demigod Fire Elementalist began the quest for the Orb.
     0 | D:1      | Reached XP level 1. HP: 14/14 MP: 5/5
   286 | D:1      | Reached skill level 3 in Fire Magic
   386 | D:1      | Reached XP level 2. HP: 11/20 MP: 1/7
   455 | D:1      | Reached skill level 1 in Conjurations
   475 | D:1      | Learned a level 2 spell: Throw Flame
  1002 | D:2      | Reached XP level 3. HP: 26/26 MP: 0/8
  1110 | D:2      | Noticed Ijyb
  1124 | D:2      | Gained mutation: You possess an exceptional clarity of mind. [potion of mutation]
  1124 | D:2      | Gained mutation: You have a pair of small horns on your head. [potion of mutation]
  1124 | D:2      | Gained mutation: Your flesh is cold resistant. [potion of mutation]
  1124 | D:2      | HP: 1/26 [poisoned by Ijyb]
  1124 | D:2      | Slain by Ijyb

Vault maps used:
D:1:      sevenhm_arrival_forest_fort_small_3
D:2:      lemuel_doored_altar, minivault_4, serial_bayou_pond_d,
          minmay_close_crescents, uniq_iyjb

Action                   || total
-------------------------++-------
Melee: Dagger            ||    13
Throw: Javelin           ||    16
 Cast: Flame Tongue      ||    28
       Throw Flame       ||     7
  Use: Potion            ||     1
  Eat: Chunk             ||     1
